Kings vs Canadiens

Created - 22 décembre 2015 at 19:02

Goals
1 2 3 T
Kings 1 1 0 2
Canadiens 0 2 1 3
Shots
1 2 3 T
Kings 17 7 3 27
Canadiens 12 14 8 34

1st period

1. Kings , Andrei Kostitsyn 18 (Anze Kopitar, Johnny Oduya) at 3:50 (PP)

Penalties :
Jiri Sekac (Mon) for Holding (Minor) at 3:38, Dan Boyle (Mon) for Hooking (Minor) at 17:50

2nd period

2. Canadiens , Dustin Boyd 4 (Dan Boyle, Ladislav Smid) at 11:37 (PP)
3. Kings , Scottie Upshall 8 (Trevor Daley, Matt Duchene) at 14:28
4. Canadiens , Marek Svatos 11 (Dennis Wideman, Marc Savard) at 19:44

Penalties :
Boyd Devereaux (LAK) for Interference (Minor) at 6:17, Dion Phaneuf (LAK) for Kneeing (Major) at 9:23, Dan Boyle (Mon) for Hooking (Minor) at 9:28, Marek Svatos (Mon) for Hooking (Minor) at 15:53

3rd period

5. Canadiens , Sergei Samsonov 12 (Ladislav Smid, Brooks Laich) at 7:38

Penalties :
Vladimir Tarasenko (LAK) for Hooking (Minor) at 4:54, Dan Boyle (Mon) for Holding (Minor) at 10:12, Trevor Daley (LAK) for Hooking (Minor) at 13:06, Blake Wheeler (LAK) for High sticking (Minor) at 19:18

Goalie Stats

Jean-Sébastien Giguère (LAK), 31 saves from 34 shots - (0,912), L, 2-3-0, 60:00 minutes
Jonathan Bernier (Mon), 25 saves from 27 shots - (0,926), W, 11-10-1, 60:00 minutes

Players Stats for Kings

Player Name              G  A  P  +/- PIM S  H  SB GA TA FO     MP     PP MP  PK MP  
------------------------------------------------------------------------------------
Andrei Kostitsyn         1  0  1   0  0   4  3  0  0  0  1/1    24:22   3:41   5:11 
Andrej Meszaros          0  0  0  -1  0   0  0  0  0  0  0/0     3:30   0:00   0:47 
Anze Kopitar             0  1  1   0  0   4  0  1  2  1  13/34  27:15   3:41   5:33 
Blake Wheeler            0  0  0   0  2   1  1  1  0  0  0/1    23:00   3:41   3:17 
Boyd Devereaux           0  0  0  -1  2   1  0  0  0  1  5/17   16:02   2:28   1:27 
Dion Phaneuf             0  0  0  -1  5   1  0  2  0  0  0/0    26:11   3:14   4:41 
Drew Doughty             0  0  0  -1  0   2  0  1  1  0  0/0    20:42   2:55   2:52 
Dustin Byfuglien         0  0  0   0  0   0  1  0  0  1  0/0    13:04   0:20   0:00 
Guillaume Latendresse    0  0  0   0  0   3  2  1  1  0  0/0     7:04   0:27   0:16 
Johnny Oduya             0  1  1   0  0   4  2  2  0  0  0/0    26:00   3:14   6:11 
Lubomir Visnovsky        0  0  0  -1  0   0  0  1  0  0  0/0    21:17   2:55   3:27 
Martin Samuelsson        0  0  0   0  0   0  2  1  0  0  2/2    10:46   0:00   2:59 
Matt Duchene             0  1  1   0  0   1  1  0  0  0  2/7    11:20   0:00   0:18 
Miroslav Satan           0  0  0  -1  0   3  3  0  0  0  0/0    14:02   2:28   0:00 
Scottie Upshall          1  0  1  -1  0   2  0  0  0  0  0/2    17:07   1:41   0:15 
Tomas Kaberle            0  0  0   1  0   1  0  0  0  1  0/0    11:01   0:00   0:00 
Trevor Daley             0  1  1   1  2   0  0  0  0  3  0/0    11:30   0:00   1:18 
Vladimir Tarasenko       0  0  0   0  2   0  0  0  0  0  0/0     4:05   0:00   0:00 

Players Stats for Canadiens

Player Name              G  A  P  +/- PIM S  H  SB GA TA FO     MP     PP MP  PK MP  
------------------------------------------------------------------------------------
Brooks Laich             0  1  1   1  0   0  1  0  0  0  9/17   14:47   0:32   3:37 
Cam Janssen              0  0  0  -1  0   1  1  0  0  0  1/1     6:58   0:18   0:00 
Dan Boyle                0  1  1   1  6   2  1  2  0  0  0/0    21:16   5:30   0:00 
Dennis Wideman           0  1  1   1  0   3  1  2  2  1  0/0    29:25   5:50   3:51 
Devin Setoguchi          0  0  0   1  0   3  1  0  0  0  0/0    14:15   3:48   0:00 
Dustin Boyd              1  0  1   0  0   5  0  1  2  0  2/4    13:48   3:58   0:00 
Jiri Fischer             0  0  0   0  0   0  0  1  0  1  0/0    20:08   0:00   2:18 
Jiri Sekac               0  0  0  -1  2   0  0  0  0  0  0/0     7:47   0:00   1:19 
Josh Gorges              0  0  0  -1  0   1  0  4  0  1  0/0    19:44   3:48   2:18 
Ladislav Smid            0  2  2   1  0   2  1  0  0  0  0/0    15:17   0:29   3:51 
Marc Savard              0  1  1   1  0   4  3  1  2  0  21/31  21:26   5:15   0:00 
Marek Svatos             1  0  1   1  2   2  1  0  0  0  0/1    20:37   5:15   0:00 
Matt Carle               0  0  0   0  0   1  2  1  0  0  0/0    14:22   3:48   0:00 
Maxim Talbot             0  0  0  -1  0   0  1  0  0  0  4/6     8:53   0:00   1:13 
Patrick Sharp            0  0  0   1  0   3  1  2  0  1  0/0    22:49   5:15   1:19 
Rene Bourque             0  0  0   0  0   2  1  0  0  0  0/0    12:07   0:35   1:13 
Riley Cote               0  0  0   0  0   0  1  0  0  0  1/1    10:15   0:00   0:00 
Sergei Samsonov          1  0  1   1  0   5  0  0  1  0  3/3    17:53   3:48   3:37 

3 Stars

1 - Ladislav Smid (Mon)
2 - Andrei Kostitsyn (LAK)
3 - Sergei Samsonov (Mon)

Power Play

Kings - 1 on 5 Attempt(s) - 20,00%
Canadiens - 1 on 6 Attempt(s) - 16,67%

Penalty Kill

Kings - 5 on 6 Attempt(s) - 83,33% - Score 0 goal in Penalty Kill
Canadiens - 4 on 5 Attempt(s) - 80,00% - Score 0 goal in Penalty Kill

Team Stat

Kings - Hits : 15 - Faceoff Wins : 23 - Blocked Shots : 10 - Penalty Minutes : 13
Canadiens - Hits : 16 - Faceoff Wins : 41 - Blocked Shots : 14 - Penalty Minutes : 10

Official

Referees : Dwyer Gord and Fraser Kerry
Linesman : Darren Gibbs and Mike Cvik

Game Notes

Guillaume Latendresse is injured at 7:21 of 2nd period (Right Knee)

Finance

Level 1 -- Attendance: 5588 (93,13%) -- Ticket Income 480 568 $
Level 2 -- Attendance: 5000 (100,00%) -- Ticket Income 250 000 $
Level 3 -- Attendance: 1936 (96,80%) -- Ticket Income 60 016 $
Level 4 -- Attendance: 3861 (96,53%) -- Ticket Income 84 942 $
Luxury Box -- Attendance: 1000 (100,00%) -- Ticket Income 165 000 $
Game was played at the Centre Bell'
Total Attendance: 17385 (96,58%)
Total Ticket Income: 1 040 526 $
Other Income: 156 079 $
Total Income: 1 196 605 $

Kings

5 vs 5 Forward 
   Center                   Left Wing                Right Wing               Time % Phy DF OF 
 1 Anze Kopitar             Andrei Kostitsyn         Blake Wheeler            40     1   2  2  
 2 Boyd Devereaux           Guillaume Latendresse    Miroslav Satan           30     1   2  2  
 3 Matt Duchene             Scottie Upshall          Dustin Byfuglien         20     1   2  2  
 4 Anze Kopitar             Martin Samuelsson        Vladimir Tarasenko       10     1   2  2  

5 vs 5 Defense 
   Defense                  Defense                                           Time % Phy DF OF 
 1 Dion Phaneuf             Johnny Oduya                                      40     1   2  2  
 2 Drew Doughty             Lubomir Visnovsky                                 30     1   2  2  
 3 Tomas Kaberle            Trevor Daley                                      20     1   2  2  
 4 Andrej Meszaros          Dion Phaneuf                                      10     1   2  2  

PowerPlay Forward 
   Center                   Left Wing                Right Wing               Time % Phy DF OF 
 1 Anze Kopitar             Andrei Kostitsyn         Blake Wheeler            60     1   2  2  
 2 Boyd Devereaux           Guillaume Latendresse    Miroslav Satan           40     1   2  2  

PowerPlay Defense
   Defense                  Defense                                           Time % Phy DF OF 
 1 Dion Phaneuf             Johnny Oduya                                      60     1   2  2  
 2 Drew Doughty             Lubomir Visnovsky                                 40     1   2  2  

Penalty Kill 4 Players Forward 
   Center                   Wing                     Time % Phy DF OF 
 1 Anze Kopitar             Andrei Kostitsyn         60     1   2  2  
 2 Guillaume Latendresse    Blake Wheeler            40     1   2  2  

Penalty Kill 4 Players Defense
   Defense                  Defense                  Time % Phy DF OF 
 1 Dion Phaneuf             Johnny Oduya             60     1   2  2  
 2 Drew Doughty             Lubomir Visnovsky        40     1   2  2  

Penalty Kill - 3 Players Forward 
   Forward                                           Time % Phy DF OF 
 1 Anze Kopitar                                      60     1   2  2  
 2 Andrei Kostitsyn                                  40     1   2  2  

Penalty Kill - 3 Players Defense
   Defense                  Defense                  Time % Phy DF OF 
 1 Dion Phaneuf             Johnny Oduya             60     1   2  2  
 2 Drew Doughty             Lubomir Visnovsky        40     1   2  2  

4 vs 4 Forward 
   Center                   Wing                     Time % Phy DF OF 
 1 Anze Kopitar             Andrei Kostitsyn         60     1   2  2  
 2 Guillaume Latendresse    Blake Wheeler            40     1   2  2  

4 vs 4 Defense
   Defense                  Defense                  Time % Phy DF OF 
 1 Dion Phaneuf             Johnny Oduya             60     1   2  2  
 2 Drew Doughty             Lubomir Visnovsky        40     1   2  2  

Last Minutes Offensive
   Center                   Left Wing                Right Wing               Defense                  Defense                  
   Anze Kopitar             Andrei Kostitsyn         Blake Wheeler            Dion Phaneuf             Johnny Oduya             

Last Minutes Defensive
   Center                   Left Wing                Right Wing               Defense                  Defense                  
   Anze Kopitar             Andrei Kostitsyn         Blake Wheeler            Dion Phaneuf             Johnny Oduya             

Goaltenders
Starting : Jean-Sébastien Giguère   
Backup : Viktor Fasth             

Extra Forwards
Normal : Scottie Upshall, Dustin Byfuglien, Martin Samuelsson - PP : Scottie Upshall, Dustin Byfuglien - PK : Martin Samuelsson
Extra Defensemen
Normal : Tomas Kaberle, Trevor Daley, Andrej Meszaros - PP : Tomas Kaberle - PK : Trevor Daley, Andrej Meszaros
Penalty Shots
Anze Kopitar, Andrei Kostitsyn, Guillaume Latendresse, Blake Wheeler, Miroslav Satan

Canadiens

5 vs 5 Forward 
   Center                   Left Wing                Right Wing               Time % Phy DF OF 
 1 Marc Savard              Patrick Sharp            Marek Svatos             40     1   2  2  
 2 Brooks Laich             Sergei Samsonov          Devin Setoguchi          30     1   2  2  
 3 Dustin Boyd              Riley Cote               Rene Bourque             20     1   2  2  
 4 Maxim Talbot             Jiri Sekac               Cam Janssen              10     1   2  2  

5 vs 5 Defense 
   Defense                  Defense                                           Time % Phy DF OF 
 1 Jiri Fischer             Dennis Wideman                                    40     1   2  2  
 2 Josh Gorges              Dan Boyle                                         30     1   2  2  
 3 Ladislav Smid            Matt Carle                                        20     1   2  2  
 4 Dan Boyle                Dennis Wideman                                    10     1   2  2  

PowerPlay Forward 
   Center                   Left Wing                Right Wing               Time % Phy DF OF 
 1 Marc Savard              Patrick Sharp            Marek Svatos             60     1   2  2  
 2 Dustin Boyd              Sergei Samsonov          Devin Setoguchi          40     1   2  2  

PowerPlay Defense
   Defense                  Defense                                           Time % Phy DF OF 
 1 Dan Boyle                Dennis Wideman                                    60     1   2  2  
 2 Josh Gorges              Matt Carle                                        40     1   2  2  

Penalty Kill 4 Players Forward 
   Center                   Wing                     Time % Phy DF OF 
 1 Brooks Laich             Sergei Samsonov          60     1   2  2  
 2 Maxim Talbot             Rene Bourque             40     1   2  2  

Penalty Kill 4 Players Defense
   Defense                  Defense                  Time % Phy DF OF 
 1 Ladislav Smid            Dennis Wideman           60     1   2  2  
 2 Josh Gorges              Jiri Fischer             40     1   2  2  

Penalty Kill - 3 Players Forward 
   Forward                                           Time % Phy DF OF 
 1 Brooks Laich                                      60     1   2  2  
 2 Maxim Talbot                                      40     1   2  2  

Penalty Kill - 3 Players Defense
   Defense                  Defense                  Time % Phy DF OF 
 1 Ladislav Smid            Dennis Wideman           60     1   2  2  
 2 Josh Gorges              Jiri Fischer             40     1   2  2  

4 vs 4 Forward 
   Center                   Wing                     Time % Phy DF OF 
 1 Marc Savard              Patrick Sharp            60     1   2  2  
 2 Dustin Boyd              Rene Bourque             40     1   2  2  

4 vs 4 Defense
   Defense                  Defense                  Time % Phy DF OF 
 1 Dan Boyle                Dennis Wideman           60     1   2  2  
 2 Josh Gorges              Jiri Fischer             40     1   2  2  

Last Minutes Offensive
   Center                   Left Wing                Right Wing               Defense                  Defense                  
   Marc Savard              Patrick Sharp            Marek Svatos             Dan Boyle                Dennis Wideman           

Last Minutes Defensive
   Center                   Left Wing                Right Wing               Defense                  Defense                  
   Marc Savard              Patrick Sharp            Marek Svatos             Josh Gorges              Dennis Wideman           

Goaltenders
Starting : Jonathan Bernier         
Backup : Miika Kiprusoff          

Extra Forwards
Normal : Maxim Talbot, Riley Cote, Dustin Boyd - PP : Brooks Laich, Rene Bourque - PK : Patrick Sharp
Extra Defensemen
Normal : Ladislav Smid, Matt Carle, Jiri Fischer - PP : Ladislav Smid - PK : Matt Carle, Dan Boyle
Penalty Shots
Marc Savard, Patrick Sharp, Marek Svatos, Sergei Samsonov, Devin Setoguchi

% Time on Ice - Kings

Lines # - Real PCT - Wanted PCT - Time Play
Normal Forward
1 - 31% - 40% - 13:08
2 - 34% - 30% - 14:09
3 - 26% - 20% - 11:02
4 - 8% - 10% - 3:29
Normal Defense
1 - 37% - 40% - 15:34
2 - 32% - 30% - 13:31
3 - 24% - 20% - 10:00
4 - 6% - 10% - 2:43
PP Forward
1 - 60% - 60% - 3:41
2 - 40% - 40% - 2:28
PP Defense
1 - 53% - 60% - 3:14
2 - 47% - 40% - 2:55
PK Forward
1 - 66% - 60% - 6:21
2 - 34% - 40% - 3:17
PK Defense
1 - 70% - 60% - 6:46
2 - 30% - 40% - 2:52
PK3 Forward
1 - 0% - 60%
2 - 0% - 40%
PK3 Defense
1 - 0% - 60%
2 - 0% - 40%
44 Forward
1 - 68% - 60% - 1:21
2 - 32% - 40% - 0:38
44 Defense
1 - 51% - 60% - 1:01
2 - 49% - 40% - 0:58
Last Minute Offensive  - 0:26
Last Minute Defensive  - 0:00
Total
Forward - 60:00
Defense - 60:00

% Time on Ice - Canadiens

Lines # - Real PCT - Wanted PCT - Time Play
Normal Forward
1 - 36% - 40% - 14:50
2 - 27% - 30% - 11:19
3 - 22% - 20% - 9:20
4 - 15% - 10% - 6:16
Normal Defense
1 - 41% - 40% - 17:08
2 - 31% - 30% - 12:47
3 - 23% - 20% - 9:26
4 - 6% - 10% - 2:24
PP Forward
1 - 59% - 60% - 5:40
2 - 41% - 40% - 3:58
PP Defense
1 - 61% - 60% - 5:50
2 - 39% - 40% - 3:48
PK Forward
1 - 80% - 60% - 4:56
2 - 20% - 40% - 1:13
PK Defense
1 - 63% - 60% - 3:51
2 - 37% - 40% - 2:18
PK3 Forward
1 - 0% - 60%
2 - 0% - 40%
PK3 Defense
1 - 0% - 60%
2 - 0% - 40%
44 Forward
1 - 78% - 60% - 1:33
2 - 22% - 40% - 0:26
44 Defense
1 - 82% - 60% - 1:37
2 - 18% - 40% - 0:22
Last Minute Offensive  - 0:00
Last Minute Defensive  - 0:29
Total
Forward - 60:00
Defense - 60:00

Play by Play

1st period


0:01 of 1st period - Anze Kopitar wins face-off versus Marc Savard in neutral zone.
0:04 of 1st period - Slapshot by Andrei Kostitsyn.
0:04 of 1st period - Shot Misses the Net.
0:06 of 1st period - Snap shot by Andrei Kostitsyn.
0:06 of 1st period - Shot Blocked by Dennis Wideman.
0:08 of 1st period - Slapshot by Blake Wheeler.
0:08 of 1st period - Stopped by Jonathan Bernier with a rebound.
0:12 of 1st period - Wrist shot by Andrei Kostitsyn.
0:12 of 1st period - Shot Blocked by Jiri Fischer.
0:26 of 1st period - Dion Phaneuf is hit by Brooks Laich and loses puck.
1:19 of 1st period - Josh Gorges is hit by Martin Samuelsson and loses puck.
1:34 of 1st period - Backhand shot by Marek Svatos.
1:34 of 1st period - Shot Misses the Net.
2:16 of 1st period - Slapshot by Drew Doughty.
2:16 of 1st period - Stopped by Jonathan Bernier without a rebound.
2:17 of 1st period - Marc Savard wins face-off versus Matt Duchene in Canadiens zone.
2:34 of 1st period - Snap shot by Marc Savard.
2:34 of 1st period - Stopped by Jean-Sébastien Giguère with a rebound.
3:28 of 1st period - Slapshot by Matt Carle.
3:28 of 1st period - Stopped by Jean-Sébastien Giguère with a rebound.
3:38 of 1st period - Minor Penalty to Jiri Sekac for Holding.
3:39 of 1st period - Anze Kopitar wins face-off versus Brooks Laich in Canadiens zone.
3:40 of 1st period - Wrist shot by Andrei Kostitsyn.
3:40 of 1st period - Shot Misses the Net.
3:42 of 1st period - Slapshot by Johnny Oduya.
3:42 of 1st period - Stopped by Jonathan Bernier with a rebound.
3:44 of 1st period - Slapshot by Johnny Oduya.
3:44 of 1st period - Shot Misses the Net.
3:46 of 1st period - Snap shot by Johnny Oduya.
3:46 of 1st period - Stopped by Jonathan Bernier with a rebound.
3:50 of 1st period - Snap shot by Andrei Kostitsyn.
3:50 of 1st period - Goal by Andrei Kostitsyn - Kings : 1 - Canadiens : 0.
3:51 of 1st period - Marc Savard wins face-off versus Anze Kopitar in neutral zone.
4:18 of 1st period - Brooks Laich is hit by Miroslav Satan and loses puck.
4:23 of 1st period - Slapshot by Guillaume Latendresse.
4:23 of 1st period - Stopped by Jonathan Bernier without a rebound.
4:24 of 1st period - Brooks Laich wins face-off versus Boyd Devereaux in Canadiens zone.
4:40 of 1st period - Wrist shot by Guillaume Latendresse.
4:40 of 1st period - Shot Blocked by Dan Boyle.
4:42 of 1st period - Wrist shot by Boyd Devereaux.
4:42 of 1st period - Stopped by Jonathan Bernier without a rebound.
4:43 of 1st period - Marc Savard wins face-off versus Anze Kopitar in Canadiens zone.
4:43 of 1st period - Marc Savard is hit by Andrei Kostitsyn.
4:59 of 1st period - Snap shot by Anze Kopitar.
4:59 of 1st period - Stopped by Jonathan Bernier without a rebound.
5:00 of 1st period - Sergei Samsonov wins face-off versus Matt Duchene in Canadiens zone.
5:05 of 1st period - Slapshot by Dennis Wideman.
5:05 of 1st period - Stopped by Jean-Sébastien Giguère without a rebound.
5:06 of 1st period - Matt Duchene wins face-off versus Brooks Laich in Kings zone.
5:37 of 1st period - Slapshot by Marc Savard.
5:37 of 1st period - Shot Misses the Net.
5:39 of 1st period - Snap shot by Marek Svatos.
5:39 of 1st period - Shot Blocked by Blake Wheeler.
5:41 of 1st period - Slapshot by Dennis Wideman.
5:41 of 1st period - Shot Blocked by Anze Kopitar.
5:51 of 1st period - Slapshot by Dion Phaneuf.
5:51 of 1st period - Shot Blocked by Josh Gorges.
6:01 of 1st period - Snap shot by Guillaume Latendresse.
6:01 of 1st period - Stopped by Jonathan Bernier without a rebound.
6:02 of 1st period - Marc Savard wins face-off versus Anze Kopitar in Canadiens zone.
6:07 of 1st period - Lubomir Visnovsky is hit by Matt Carle and loses puck.
6:29 of 1st period - Ladislav Smid is hit by Guillaume Latendresse.
6:33 of 1st period - Wrist shot by Miroslav Satan.
6:33 of 1st period - Stopped by Jonathan Bernier with a rebound.
6:57 of 1st period - Snap shot by Devin Setoguchi.
6:57 of 1st period - Stopped by Jean-Sébastien Giguère with a rebound.
6:59 of 1st period - Slapshot by Ladislav Smid.
6:59 of 1st period - Stopped by Jean-Sébastien Giguère without a rebound.
7:00 of 1st period - Marc Savard wins face-off versus Anze Kopitar in Kings zone.
7:35 of 1st period - Slapshot by Rene Bourque.
7:35 of 1st period - Stopped by Jean-Sébastien Giguère with a rebound.
7:59 of 1st period - Off-side.
8:00 of 1st period - Marc Savard wins face-off versus Anze Kopitar in neutral zone.
8:33 of 1st period - Snap shot by Guillaume Latendresse.
8:33 of 1st period - Stopped by Jonathan Bernier without a rebound.
8:34 of 1st period - Boyd Devereaux wins face-off versus Dustin Boyd in Canadiens zone.
9:03 of 1st period - Slapshot by Drew Doughty.
9:03 of 1st period - Shot Blocked by Dennis Wideman.
10:10 of 1st period - Slapshot by Miroslav Satan.
10:10 of 1st period - Stopped by Jonathan Bernier with a rebound.
10:12 of 1st period - Slapshot by Johnny Oduya.
10:12 of 1st period - Stopped by Jonathan Bernier without a rebound.
10:13 of 1st period - Marc Savard wins face-off versus Matt Duchene in Canadiens zone.
10:19 of 1st period - Off-side.
10:20 of 1st period - Matt Duchene wins face-off versus Marc Savard in neutral zone.
10:27 of 1st period - Wrist shot by Dion Phaneuf.
10:27 of 1st period - Shot Misses the Net.
10:33 of 1st period - Slapshot by Marc Savard.
10:33 of 1st period - Stopped by Jean-Sébastien Giguère with a rebound.
10:35 of 1st period - Snap shot by Marc Savard.
10:35 of 1st period - Shot Blocked by Johnny Oduya.
11:27 of 1st period - Wrist shot by Patrick Sharp.
11:27 of 1st period - Stopped by Jean-Sébastien Giguère without a rebound.
11:28 of 1st period - Brooks Laich wins face-off versus Anze Kopitar in Kings zone.
11:29 of 1st period - Snap shot by Sergei Samsonov.
11:29 of 1st period - Deflect By Devin Setoguchi.
11:29 of 1st period - Stopped by Jean-Sébastien Giguère with a rebound.
11:31 of 1st period - Snap shot by Sergei Samsonov.
11:31 of 1st period - Stopped by Jean-Sébastien Giguère without a rebound.
11:32 of 1st period - Andrei Kostitsyn wins face-off versus Brooks Laich in Kings zone.
12:01 of 1st period - Wrist shot by Blake Wheeler.
12:01 of 1st period - Shot Misses the Net.
12:09 of 1st period - Slapshot by Dan Boyle.
12:09 of 1st period - Stopped by Jean-Sébastien Giguère with a rebound.
12:11 of 1st period - Wrist shot by Dustin Boyd.
12:11 of 1st period - Shot Misses the Net.
13:59 of 1st period - Johnny Oduya is hit by Marc Savard.
14:15 of 1st period - Ladislav Smid is hit by Johnny Oduya and loses puck.
14:40 of 1st period - Slapshot by Dan Boyle.
14:40 of 1st period - Deflect By Rene Bourque.
14:40 of 1st period - Shot Misses the Net.
14:40 of 1st period - Puck is out of play.
14:41 of 1st period - Dustin Boyd wins face-off versus Scottie Upshall in Kings zone.
14:54 of 1st period - Blake Wheeler is hit by Riley Cote and loses puck.
14:59 of 1st period - Slapshot by Rene Bourque.
14:59 of 1st period - Stopped by Jean-Sébastien Giguère without a rebound.
15:00 of 1st period - Marc Savard wins face-off versus Boyd Devereaux in Kings zone.
15:09 of 1st period - Wrist shot by Marc Savard.
15:09 of 1st period - Shot Misses the Net.
15:46 of 1st period - Slapshot by Scottie Upshall.
15:46 of 1st period - Stopped by Jonathan Bernier without a rebound.
15:47 of 1st period - Riley Cote wins face-off versus Matt Duchene in Canadiens zone.
15:47 of 1st period - Riley Cote is hit by Matt Duchene.
15:55 of 1st period - Snap shot by Dion Phaneuf.
15:55 of 1st period - Shot Misses the Net.
16:39 of 1st period - Slapshot by Rene Bourque.
16:39 of 1st period - Shot Misses the Net.
16:51 of 1st period - Snap shot by Matt Duchene.
16:51 of 1st period - Stopped by Jonathan Bernier with a rebound.
17:27 of 1st period - Snap shot by Matt Duchene.
17:27 of 1st period - Shot Blocked by Dan Boyle.
17:29 of 1st period - Slapshot by Johnny Oduya.
17:29 of 1st period - Shot Blocked by Josh Gorges.
17:31 of 1st period - Slapshot by Dion Phaneuf.
17:31 of 1st period - Shot Blocked by Dustin Boyd.
17:33 of 1st period - Slapshot by Scottie Upshall.
17:33 of 1st period - Shot Misses the Net.
17:37 of 1st period - Snap shot by Dustin Byfuglien.
17:37 of 1st period - Shot Misses the Net.
17:39 of 1st period - Slapshot by Dion Phaneuf.
17:39 of 1st period - Shot Blocked by Josh Gorges.
17:41 of 1st period - Wrist shot by Dion Phaneuf.
17:41 of 1st period - Shot Misses the Net.
17:50 of 1st period - Minor Penalty to Dan Boyle for Hooking.
17:51 of 1st period - Anze Kopitar wins face-off versus Brooks Laich in Canadiens zone.
18:02 of 1st period - Icing by Anze Kopitar.
18:03 of 1st period - Brooks Laich wins face-off versus Anze Kopitar in Kings zone.
18:06 of 1st period - Wrist shot by Dennis Wideman.
18:06 of 1st period - Shot Blocked by Drew Doughty.
19:12 of 1st period - Slapshot by Andrei Kostitsyn.
19:12 of 1st period - Stopped by Jonathan Bernier with a rebound.
19:22 of 1st period - Slapshot by Drew Doughty.
19:22 of 1st period - Stopped by Jonathan Bernier without a rebound.
19:23 of 1st period - Brooks Laich wins face-off versus Boyd Devereaux in Canadiens zone.
19:50 of 1st period - Penalty to Dan Boyle is over, Dan Boyle is back on ice.
Goals for this period are 1 for Kings vs 0 for Canadiens.
Shots for this period are 17 for Kings vs 12 for Canadiens.

2nd period


0:01 of 2nd period - Anze Kopitar wins face-off versus Marc Savard in neutral zone.
0:08 of 2nd period - Backhand shot by Andrei Kostitsyn.
0:08 of 2nd period - Deflect By Anze Kopitar.
0:08 of 2nd period - Shot Misses the Net.
0:08 of 2nd period - Puck is out of play.
0:09 of 2nd period - Anze Kopitar wins face-off versus Marc Savard in Canadiens zone.
0:50 of 2nd period - Patrick Sharp is hit by Blake Wheeler.
1:06 of 2nd period - Snap shot by Anze Kopitar.
1:06 of 2nd period - Stopped by Jonathan Bernier with a rebound.
1:08 of 2nd period - Wrist shot by Andrei Kostitsyn.
1:08 of 2nd period - Deflect By Dennis Wideman.
1:08 of 2nd period - Shot Misses the Net.
1:08 of 2nd period - Puck is out of play.
1:09 of 2nd period - Brooks Laich wins face-off versus Boyd Devereaux in Canadiens zone.
1:22 of 2nd period - Josh Gorges is hit by Guillaume Latendresse and loses puck.
1:54 of 2nd period - Slapshot by Sergei Samsonov.
1:54 of 2nd period - Stopped by Jean-Sébastien Giguère with a rebound.
1:56 of 2nd period - Wrist shot by Devin Setoguchi.
1:56 of 2nd period - Shot Misses the Net.
1:58 of 2nd period - Slapshot by Dan Boyle.
1:58 of 2nd period - Shot Misses the Net.
2:06 of 2nd period - Snap shot by Devin Setoguchi.
2:06 of 2nd period - Stopped by Jean-Sébastien Giguère with a rebound.
2:08 of 2nd period - Slapshot by Josh Gorges.
2:08 of 2nd period - Stopped by Jean-Sébastien Giguère without a rebound.
2:09 of 2nd period - Cam Janssen wins face-off versus Boyd Devereaux in Kings zone.
2:16 of 2nd period - Slapshot by Dennis Wideman.
2:16 of 2nd period - Shot Blocked by Guillaume Latendresse.
2:34 of 2nd period - Andrei Kostitsyn is hit by Patrick Sharp and loses puck.
2:43 of 2nd period - Snap shot by Marc Savard.
2:43 of 2nd period - Shot Misses the Net.
2:45 of 2nd period - Slapshot by Matt Carle.
2:45 of 2nd period - Shot Misses the Net.
2:57 of 2nd period - Wrist shot by Dustin Boyd.
2:57 of 2nd period - Stopped by Jean-Sébastien Giguère without a rebound.
2:58 of 2nd period - Dustin Boyd wins face-off versus Anze Kopitar in Kings zone.
2:59 of 2nd period - Slapshot by Dennis Wideman.
2:59 of 2nd period - Deflect By Rene Bourque.
2:59 of 2nd period - Shot Misses the Net.
2:59 of 2nd period - Puck is out of play.
3:00 of 2nd period - Anze Kopitar wins face-off versus Marek Svatos in Kings zone.
3:15 of 2nd period - Slapshot by Dennis Wideman.
3:15 of 2nd period - Stopped by Jean-Sébastien Giguère without a rebound.
3:16 of 2nd period - Sergei Samsonov wins face-off versus Boyd Devereaux in Kings zone.
3:47 of 2nd period - Icing by Marek Svatos.
3:48 of 2nd period - Marc Savard wins face-off versus Blake Wheeler in Canadiens zone.
4:07 of 2nd period - Snap shot by Dennis Wideman.
4:07 of 2nd period - Stopped by Jean-Sébastien Giguère with a rebound.
4:15 of 2nd period - Jiri Fischer is hit by Andrei Kostitsyn and loses puck.
4:24 of 2nd period - Wrist shot by Anze Kopitar.
4:24 of 2nd period - Shot Blocked by Patrick Sharp.
4:28 of 2nd period - Snap shot by Anze Kopitar.
4:28 of 2nd period - Shot Misses the Net.
4:30 of 2nd period - Slapshot by Tomas Kaberle.
4:30 of 2nd period - Stopped by Jonathan Bernier with a rebound.
4:38 of 2nd period - Snap shot by Anze Kopitar.
4:38 of 2nd period - Shot Blocked by Patrick Sharp.
4:40 of 2nd period - Slapshot by Anze Kopitar.
4:40 of 2nd period - Stopped by Jonathan Bernier with a rebound.
4:42 of 2nd period - Slapshot by Dion Phaneuf.
4:42 of 2nd period - Stopped by Jonathan Bernier with a rebound.
4:44 of 2nd period - Slapshot by Andrej Meszaros.
4:44 of 2nd period - Shot Misses the Net.
4:46 of 2nd period - Slapshot by Anze Kopitar.
4:46 of 2nd period - Shot Misses the Net.
4:48 of 2nd period - Slapshot by Anze Kopitar.
4:48 of 2nd period - Shot Blocked by Marc Savard.
4:50 of 2nd period - Snap shot by Blake Wheeler.
4:50 of 2nd period - Shot Misses the Net.
5:02 of 2nd period - Slapshot by Andrei Kostitsyn.
5:02 of 2nd period - Stopped by Jonathan Bernier with a rebound.
5:12 of 2nd period - Backhand shot by Patrick Sharp.
5:12 of 2nd period - Stopped by Jean-Sébastien Giguère with a rebound.
5:15 of 2nd period - Icing by Lubomir Visnovsky.
5:16 of 2nd period - Brooks Laich wins face-off versus Anze Kopitar in Kings zone.
5:33 of 2nd period - Off-side.
5:34 of 2nd period - Boyd Devereaux wins face-off versus Maxim Talbot in neutral zone.
6:07 of 2nd period - Off-side.
6:08 of 2nd period - Brooks Laich wins face-off versus Boyd Devereaux in neutral zone.
6:14 of 2nd period - Snap shot by Sergei Samsonov.
6:14 of 2nd period - Stopped by Jean-Sébastien Giguère without a rebound.
6:15 of 2nd period - Boyd Devereaux wins face-off versus Brooks Laich in Kings zone.
6:17 of 2nd period - Minor Penalty to Boyd Devereaux for Interference.
6:18 of 2nd period - Marc Savard wins face-off versus Anze Kopitar in Kings zone.
7:20 of 2nd period - Guillaume Latendresse is hit by Matt Carle and loses puck.
7:21 of 2nd period - Guillaume Latendresse from Kings is injured at 7:21 of 2nd period (Right Knee).
7:22 of 2nd period - Marc Savard wins face-off versus Anze Kopitar in Kings zone.
7:25 of 2nd period - Slapshot by Marek Svatos.
7:25 of 2nd period - Shot Misses the Net.
7:27 of 2nd period - Slapshot by Dan Boyle.
7:27 of 2nd period - Shot Misses the Net.
8:17 of 2nd period - Penalty to Boyd Devereaux is over, Boyd Devereaux is back on ice.
8:31 of 2nd period - Wrist shot by Josh Gorges.
8:31 of 2nd period - Shot Blocked by Lubomir Visnovsky.
8:33 of 2nd period - Snap shot by Cam Janssen.
8:33 of 2nd period - Shot Misses the Net.
9:18 of 2nd period - Off-side.
9:19 of 2nd period - Maxim Talbot wins face-off versus Boyd Devereaux in neutral zone.
9:23 of 2nd period - Major Penalty to Dion Phaneuf for Kneeing.
9:24 of 2nd period - Anze Kopitar wins face-off versus Marc Savard in Kings zone.
9:28 of 2nd period - Minor Penalty to Dan Boyle for Hooking.
9:29 of 2nd period - Marc Savard wins face-off versus Anze Kopitar in Canadiens zone.
9:40 of 2nd period - Andrei Kostitsyn is hit by Marc Savard and loses puck.
10:53 of 2nd period - Icing by Blake Wheeler.
10:54 of 2nd period - Maxim Talbot wins face-off versus Scottie Upshall in Kings zone.
11:28 of 2nd period - Penalty to Dan Boyle is over, Dan Boyle is back on ice.
11:37 of 2nd period - Wrist shot by Dustin Boyd.
11:37 of 2nd period - Goal by Dustin Boyd - Kings : 1 - Canadiens : 1.
11:38 of 2nd period - Marc Savard wins face-off versus Anze Kopitar in neutral zone.
12:13 of 2nd period - Wrist shot by Dan Boyle.
12:13 of 2nd period - Shot Misses the Net.
14:11 of 2nd period - Josh Gorges is hit by Johnny Oduya and loses puck.
14:23 of 2nd period - Penalty to Dion Phaneuf is over, Dion Phaneuf is back on ice.
14:26 of 2nd period - Snap shot by Matt Duchene.
14:26 of 2nd period - Shot Misses the Net.
14:28 of 2nd period - Snap shot by Trevor Daley.
14:28 of 2nd period - Deflect By Scottie Upshall.
14:28 of 2nd period - Goal by Scottie Upshall - Kings : 2 - Canadiens : 1.
14:29 of 2nd period - Brooks Laich wins face-off versus Boyd Devereaux in neutral zone.
15:39 of 2nd period - Snap shot by Miroslav Satan.
15:39 of 2nd period - Shot Blocked by Josh Gorges.
15:53 of 2nd period - Minor Penalty to Marek Svatos for Hooking.
15:54 of 2nd period - Anze Kopitar wins face-off versus Brooks Laich in Canadiens zone.
16:38 of 2nd period - Jiri Fischer is hit by Miroslav Satan and loses puck.
16:55 of 2nd period - Snap shot by Miroslav Satan.
16:55 of 2nd period - Stopped by Jonathan Bernier without a rebound.
16:56 of 2nd period - Maxim Talbot wins face-off versus Anze Kopitar in Canadiens zone.
17:37 of 2nd period - Slapshot by Patrick Sharp.
17:37 of 2nd period - Stopped by Jean-Sébastien Giguère with a rebound.
17:53 of 2nd period - Penalty to Marek Svatos is over, Marek Svatos is back on ice.
18:13 of 2nd period - Snap shot by Maxim Talbot.
18:13 of 2nd period - Deflect By Marek Svatos.
18:13 of 2nd period - Stopped by Jean-Sébastien Giguère without a rebound.
18:14 of 2nd period - Marc Savard wins face-off versus Anze Kopitar in Kings zone.
18:39 of 2nd period - Drew Doughty is hit by Devin Setoguchi and loses puck.
18:54 of 2nd period - Wrist shot by Rene Bourque.
18:54 of 2nd period - Shot Blocked by Martin Samuelsson.
19:22 of 2nd period - Wrist shot by Dustin Boyd.
19:22 of 2nd period - Stopped by Jean-Sébastien Giguère with a rebound.
19:40 of 2nd period - Snap shot by Marc Savard.
19:40 of 2nd period - Stopped by Jean-Sébastien Giguère with a rebound.
19:42 of 2nd period - Snap shot by Dennis Wideman.
19:42 of 2nd period - Shot Misses the Net.
19:44 of 2nd period - Wrist shot by Marek Svatos.
19:44 of 2nd period - Goal by Marek Svatos - Kings : 2 - Canadiens : 2.
19:45 of 2nd period - Marc Savard wins face-off versus Anze Kopitar in neutral zone.
Goals for this period are 1 for Kings vs 2 for Canadiens.
Shots for this period are 7 for Kings vs 14 for Canadiens.

3rd period


0:01 of 3rd period - Marc Savard wins face-off versus Anze Kopitar in neutral zone.
0:35 of 3rd period - Off-side.
0:36 of 3rd period - Marc Savard wins face-off versus Anze Kopitar in neutral zone.
1:02 of 3rd period - Devin Setoguchi is hit by Miroslav Satan and loses puck.
1:35 of 3rd period - Snap shot by Riley Cote.
1:35 of 3rd period - Deflect By Dustin Boyd.
1:35 of 3rd period - Stopped by Jean-Sébastien Giguère without a rebound.
1:36 of 3rd period - Anze Kopitar wins face-off versus Marc Savard in Kings zone.
2:11 of 3rd period - Wrist shot by Devin Setoguchi.
2:11 of 3rd period - Shot Blocked by Dion Phaneuf.
3:13 of 3rd period - Icing by Scottie Upshall.
3:14 of 3rd period - Marc Savard wins face-off versus Matt Duchene in Kings zone.
3:38 of 3rd period - Dustin Byfuglien is hit by Ladislav Smid and loses puck.
4:54 of 3rd period - Minor Penalty to Vladimir Tarasenko for Hooking.
4:55 of 3rd period - Marc Savard wins face-off versus Anze Kopitar in Kings zone.
5:45 of 3rd period - Dion Phaneuf is hit by Marc Savard and loses puck.
5:58 of 3rd period - Slapshot by Dion Phaneuf.
5:58 of 3rd period - Deflect By Boyd Devereaux.
5:58 of 3rd period - Shot Misses the Net.
5:58 of 3rd period - Puck is out of play.
5:59 of 3rd period - Sergei Samsonov wins face-off versus Boyd Devereaux in Canadiens zone.
6:30 of 3rd period - Icing by Patrick Sharp.
6:31 of 3rd period - Martin Samuelsson wins face-off versus Marc Savard in Canadiens zone.
6:32 of 3rd period - Slapshot by Johnny Oduya.
6:32 of 3rd period - Stopped by Jonathan Bernier with a rebound.
6:52 of 3rd period - Wrist shot by Marc Savard.
6:52 of 3rd period - Stopped by Jean-Sébastien Giguère with a rebound.
6:54 of 3rd period - Penalty to Vladimir Tarasenko is over, Vladimir Tarasenko is back on ice.
7:10 of 3rd period - Snap shot by Marc Savard.
7:10 of 3rd period - Shot Misses the Net.
7:12 of 3rd period - Slapshot by Dennis Wideman.
7:12 of 3rd period - Shot Blocked by Dion Phaneuf.
7:14 of 3rd period - Snap shot by Patrick Sharp.
7:14 of 3rd period - Shot Misses the Net.
7:16 of 3rd period - Wrist shot by Marek Svatos.
7:16 of 3rd period - Shot Blocked by Johnny Oduya.
7:30 of 3rd period - Snap shot by Marek Svatos.
7:30 of 3rd period - Deflect By Marc Savard.
7:30 of 3rd period - Shot Misses the Net.
7:30 of 3rd period - Puck is out of play.
7:31 of 3rd period - Brooks Laich wins face-off versus Boyd Devereaux in Kings zone.
7:32 of 3rd period - Wrist shot by Sergei Samsonov.
7:32 of 3rd period - Stopped by Jean-Sébastien Giguère with a rebound.
7:34 of 3rd period - Slapshot by Ladislav Smid.
7:34 of 3rd period - Stopped by Jean-Sébastien Giguère with a rebound.
7:38 of 3rd period - Snap shot by Sergei Samsonov.
7:38 of 3rd period - Goal by Sergei Samsonov - Kings : 2 - Canadiens : 3.
7:39 of 3rd period - Boyd Devereaux wins face-off versus Brooks Laich in neutral zone.
8:13 of 3rd period - Snap shot by Dustin Boyd.
8:13 of 3rd period - Stopped by Jean-Sébastien Giguère without a rebound.
8:14 of 3rd period - Anze Kopitar wins face-off versus Marc Savard in Kings zone.
9:27 of 3rd period - Icing by Maxim Talbot.
9:28 of 3rd period - Maxim Talbot wins face-off versus Anze Kopitar in Canadiens zone.
9:33 of 3rd period - Slapshot by Matt Carle.
9:33 of 3rd period - Shot Misses the Net.
10:05 of 3rd period - Snap shot by Anze Kopitar.
10:05 of 3rd period - Stopped by Jonathan Bernier with a rebound.
10:07 of 3rd period - Snap shot by Blake Wheeler.
10:07 of 3rd period - Shot Misses the Net.
10:09 of 3rd period - Snap shot by Andrei Kostitsyn.
10:09 of 3rd period - Stopped by Jonathan Bernier without a rebound.
10:10 of 3rd period - Marc Savard wins face-off versus Boyd Devereaux in Canadiens zone.
10:12 of 3rd period - Minor Penalty to Dan Boyle for Holding.
10:13 of 3rd period - Anze Kopitar wins face-off versus Brooks Laich in Canadiens zone.
11:50 of 3rd period - Johnny Oduya is hit by Rene Bourque and loses puck.
12:12 of 3rd period - Penalty to Dan Boyle is over, Dan Boyle is back on ice.
12:21 of 3rd period - Lubomir Visnovsky is hit by Dan Boyle and loses puck.
12:26 of 3rd period - Wrist shot by Dustin Boyd.
12:26 of 3rd period - Shot Misses the Net.
12:38 of 3rd period - Slapshot by Lubomir Visnovsky.
12:38 of 3rd period - Shot Blocked by Matt Carle.
12:40 of 3rd period - Snap shot by Martin Samuelsson.
12:40 of 3rd period - Shot Misses the Net.
13:06 of 3rd period - Minor Penalty to Trevor Daley for Hooking.
13:07 of 3rd period - Anze Kopitar wins face-off versus Marc Savard in Kings zone.
13:59 of 3rd period - Patrick Sharp is hit by Martin Samuelsson.
15:05 of 3rd period - Boyd Devereaux is hit by Dennis Wideman and loses puck.
15:06 of 3rd period - Penalty to Trevor Daley is over, Trevor Daley is back on ice.
15:14 of 3rd period - Snap shot by Cam Janssen.
15:14 of 3rd period - Stopped by Jean-Sébastien Giguère with a rebound.
16:39 of 3rd period - Icing by Blake Wheeler.
16:40 of 3rd period - Martin Samuelsson wins face-off versus Maxim Talbot in Kings zone.
16:40 of 3rd period - Martin Samuelsson is hit by Maxim Talbot.
16:58 of 3rd period - Drew Doughty is hit by Marek Svatos and loses puck.
18:15 of 3rd period - Patrick Sharp is hit by Dustin Byfuglien and loses puck.
18:36 of 3rd period - Cam Janssen is hit by Andrei Kostitsyn and loses puck.
18:45 of 3rd period - Lubomir Visnovsky is hit by Cam Janssen and loses puck.
18:49 of 3rd period - Icing by Lubomir Visnovsky.
18:50 of 3rd period - Boyd Devereaux wins face-off versus Marc Savard in Kings zone.
19:11 of 3rd period - Wrist shot by Marc Savard.
19:11 of 3rd period - Shot Misses the Net.
19:18 of 3rd period - Minor Penalty to Blake Wheeler for High sticking.
19:19 of 3rd period - Anze Kopitar wins face-off versus Dustin Boyd in Kings zone.
19:31 of 3rd period - Slapshot by Dan Boyle.
19:31 of 3rd period - Deflect By Johnny Oduya.
19:31 of 3rd period - Stopped by Jean-Sébastien Giguère without a rebound.
19:32 of 3rd period - Paul Maurice call a timeout for Kings.
19:32 of 3rd period - Marc Savard wins face-off versus Anze Kopitar in Kings zone.
Goals for this period are 0 for Kings vs 1 for Canadiens.
Shots for this period are 3 for Kings vs 8 for Canadiens.


Output by the SimonT Hockey Simulator (STHS) for François Prévost -- Original Page W3C XHTML 1.0 Valid
Hockey Simulator - Hockey Simulation - Hockey Manager